 Dungeon Crawl Stone Soup version 0.28-a0-1347-g113dc556a4 (webtiles) character file.

Game seed: 3707543821041512274

92906 Armakuni the Peltast (level 16, -2/122 HPs)
             Began as a Human Artificer on Dec 29, 2021.
             Was a High Priest of Vehumet.
             Slain by a troll (4 damage)
             ... while paralysed by an orc sorcerer
             ... on level 2 of the Orcish Mines.
             The game lasted 01:05:03 (28254 turns).

Armakuni the Peltast (Human Artificer)             Turns: 28254, Time: 01:05:03

Health: -2/122     AC: 22    Str: 26    XL:     16   Next: 55%
Magic:  23/23      EV:  2    Int: 15    God:    Vehumet [*****.]
Gold:   1600       SH:  0    Dex: 18    Spells: 8/25 levels left

rFire   + + .      SeeInvis .   a - +11 long sword "Ceod" {elec, Str+4}
rCold   . . .      Faith    .   y - +0 kite shield
rNeg    + + +      Spirit   .   O - +4 fire dragon scales
rPois   .          Reflect  .   i - +1 helmet
rElec   .          Harm     .   f - +1 cloak
rCorr   .          Rampage  .   (no gloves)
Will    ++...                   G - +1 pair of boots of True Grit {Contam Will+ Dex+3}
Stlth   ..........              E - amulet of the acrobat
HPRegen 0.30/turn               J - ring of protection from cold
MPRegen 0.18/turn               S - ring "Fisteboona" {*Slow rN+++ Str+4 Dex+2 Slay+4}

@: paralysed
A: no striking features
a: Renounce Religion


You were on level 2 of the Orcish Mines.
You worshipped Vehumet.
Vehumet was extremely pleased with you.
You visited 4 branches of the dungeon, and saw 23 of its levels.
You also visited: Ice Cave and Volcano.

You collected 1710 gold pieces.
You spent 110 gold pieces at shops.

Inventory:

Hand Weapons
 a - the +11 long sword "Ceod" (weapon) {elec, Str+4}
   (You found it on level 4 of the Dungeon)

   It occasionally discharges a powerful burst of electricity upon striking a
   foe.
   Str:       It affects your strength (+4).
 b - a +4 scimitar of flaming
Missiles
 e - 7 curare-tipped darts
Armour
 f - a +1 cloak (worn)
 i - a +1 helmet (worn)
 y - a +0 kite shield (worn)
 G - the +1 pair of boots of True Grit (worn) {Contam Will+ Dex+3}
   (You acquired it on level 2 of the Lair of Beasts)

   Dex:       It affects your dexterity (+3).
   Contam:    It causes magical contamination when unequipped.
   Will:      It increases your willpower.
 O - +4 fire dragon scales (worn)
Magical Staves
 B - a staff of conjuration
Jewellery
 E - an amulet of the acrobat (around neck)
 I - a +6 ring of intelligence
 J - a ring of protection from cold (left hand)
 M - an amulet of magic regeneration
 P - a ring of poison resistance
 S - the ring "Fisteboona" (right hand) {*Slow rN+++ Str+4 Dex+2 Slay+4}
   (You found it on level 12 of the Dungeon)

   [ring of slaying]

   Str:       It affects your strength (+4).
   Dex:       It affects your dexterity (+2).
   Slay:      It affects your accuracy & damage with ranged weapons and melee
   (+4).
   rN:        It renders you almost immune to negative energy.
   *Slow:     It may slow you when you take damage.
 W - a ring of willpower
Wands
 h - a wand of acid (2)
 p - a wand of polymorph (17)
 v - a wand of flame (15) (quivered)
 A - a wand of iceblast (1)
 D - a wand of digging (4)
Scrolls
 d - 3 scrolls of noise
 g - 4 scrolls of fear
 l - 8 scrolls of teleportation
 n - a scroll of immolation
 z - 2 scrolls of vulnerability
 L - 2 scrolls of brand weapon
Potions
 c - 3 potions of might
 j - 2 potions of magic
 k - 4 potions of lignification
 o - a potion of heal wounds
 q - 3 potions of curing
 r - a potion of resistance
 s - 4 potions of haste
 u - 5 potions of brilliance
 w - a potion of berserk rage {unknown}
 C - 2 potions of mutation
 N - 2 potions of invisibility
Miscellaneous
 m - a phantom mirror
 t - a tin of tremorstones (inert)
 x - a piece from Xom's chessboard (15/15)
 H - a lightning rod (1/4)


   Skills:
 - Level 10.0 Fighting
 - Level 14.0 Long Blades
 - Level 9.3 Armour
 + Level 5.5 Dodging
 - Level 1.0 Stealth
 - Level 15.0 Shields
 - Level 5.0 Spellcasting
 + Level 10.6 Conjurations
 - Level 4.0 Translocations
 - Level 7.0 Evocations


You had 8 spell levels left.
You knew the following spells:

 Your Spells              Type           Power      Damage    Failure   Level
i - Iron Shot             Conj/Erth      9%         9d3       82%         6
m - Iskenderun's Mystic   Conj/Tloc      25%        2d7       5%          4
s - Iskenderun's Battles  Conj           35%        2d9       4%          5
z - Searing Ray           Conj           70%        2d7       1%          2

Your spell library contained the following spells:

 Spells                   Type           Power      Damage    Failure   Level
 Starburst                Conj/Fire      9%         6d5       82%         6
 Foxfire                  Conj/Fire      76%        2x1d7     1%          1
 Magic Dart               Conj           100%       1d8       1%          1
 Shock                    Conj/Air       76%        1d7       1%          1
 Conjure Flame            Conj/Fire      19%        6-21      3%          3
 Mephitic Cloud           Conj/Pois/Air  14%        N/A       7%          3
 Flame Wave               Conj/Fire      19%        2d5       12%         4
 Inner Flame              Hex/Fire       3%         N/A       28%         3
 Irradiate                Conj/Tmut      9%         3d16      30%         5
 Summon Small Mammal      Summ           12%        N/A       36%         1
 Portal Projectile        Hex/Tloc       18%        N/A       45%         3
 Call Imp                 Summ           3%         N/A       50%         2
 Sublimation of Blood     Necr           3%         N/A       50%         2
 Airstrike                Air            1%         N/A       65%         4
 Call Canine Familiar     Summ           3%         N/A       75%         3
 Summon Guardian Golem    Hex/Summ       3%         N/A       75%         3
 Swiftness                Air            3%         N/A       75%         3
 Conjure Ball Lightning   Conj/Air       9%         3x3d6     82%         6
 Petrify                  Tmut/Erth      3%         N/A       98%         4
 Blade Hands              Tmut           1%         N/A       100%        5
 Excruciating Wounds      Necr           1%         N/A       100%        5
 Discord                  Hex            1%         N/A       100%        8
 Disjunction              Tloc           7%         N/A       100%        8


Dungeon Overview and Level Annotations

Branches:
Dungeon (14/15)            Temple (1/1) D:5            Lair (6/6) D:9
  Swamp (0/4) Lair:4       Spider (0/4) Lair:2        Slime (0/5) Lair:6
    Orc (2/2) D:12          IceCv (visited)         Volcano (visited)
    Elf: Orc:2       Vaults: D:13-14

Altars:
Ashenzari
Cheibriados
Dithmenos
Elyvilon
Fedhas
Gozag
Hepliaklqana
Kikubaaqudgha
Makhleb
Nemelex Xobeh
Okawaru
Qazlal
Ru
Sif Muna
Trog
Uskayaw
Vehumet
Wu Jian
Xom
Yredelemnul
Zin
The Shining One
Beogh
Jiyva

Shops:
D:3 **

Annotations:
D:9 2 transporters


Message History

An ogre comes into view. It is wielding a +0 giant club.
You slash the orc warrior!
The orc warrior is heavily wounded.
An orc wizard comes into view. It is wielding a +2 dagger of speed.
You slash the orc warrior!
You kill the orc warrior!
Vehumet accepts your kill.
The orc knight roars a battlecry!
The orcs go into a battle-frenzy!
You block the orc warrior's attack. The ogre closely misses you.
An orc sorcerer comes into view. It is wielding a +0 dagger.
You block the orc warrior's attack.
You slice the ogre!! Lightning courses through the ogre!
You kill the ogre!
Vehumet accepts your kill. The orc warrior closely misses you.
The orc sorcerer gestures at you while chanting.
You suddenly lose the ability to move!
An orc comes into view. It is wielding a +0 short sword.
The orc warrior hits you from afar with a +3 halberd!!
The orc warrior hits you but does no damage.
The orc warrior hits you but does no damage.
The troll bites you but does no damage. The troll claws you.
The troll claws you but does no damage.
The orc warrior hits you from afar with a +0 trident!
The orc priest hits you but does no damage.
The orc warrior hits you from afar with a +3 halberd!!
The orc warrior hits you from afar with a +0 glaive!
The troll bites you!
* * * LOW HITPOINT WARNING * * *
The troll claws you but does no damage. x2
The orc warrior hits you from afar with a +0 trident!
* * * LOW HITPOINT WARNING * * *
The orc priest calls down the wrath of Beogh upon you.
Beogh smites you!
* * * LOW HITPOINT WARNING * * *
The troll bites you!
* * * LOW HITPOINT WARNING * * *
The troll claws you.
You die...

...#...........
...............P
..............P.
........).......
...#....o.......
.........†))....
......).).o.....
........)....#..
.......o@T......
.......4To......
......ooo.o.....
......oO...o....
................
.............o.#
..........#...##
.............#


You could see an orc knight, an ice devil (summoned), 2 trolls, 2 orc sorcerers,
4 orc warriors, an ogre, an orc priest (strong), an orc wizard and 2 orcs.

Vanquished Creatures
  Fannar (D:12)
  11 hydras
  2 catoblepae (Lair:5)
  A great orb of eyes (D:9)
  The ghost of ThereIsNoGod the Insei, a journeyman GnWn of Lugonu (D:10)
  2 boulder beetles (Lair:2)
  3 centaur warriors
  Erica (D:8)
  A dancing weapon (D:13)
  17 death yaks
  4 two-headed ogres
  An orc high priest (Orc:2)
  Nergalle (D:10)
  3 lindwurms
  Pikel (D:7)
  3 deep elf pyromancers (Orc:1)
  2 wolf spiders (Lair:2)
  5 deep elf zephyrmancers (Orc:1)
  An oklob plant (Lair:3)
  5 orc sorcerers
  5 ugly things (D:14)
  15 elephants
  2 manticores
  Joseph (D:10)
  The ghost of p0werm0de the Chopper, a novice MiCK of Xom (D:6)
  6 black mambas
  4 molten gargoyles
  An unseen horror (D:12)
  A gargoyle (Volcano)
  15 cane toads
  5 rime drakes
  17 komodo dragons
  A kobold demonologist (D:12)
  2 ice devils (IceCv)
  2 efreet (D:9)
  8 trolls
  2 tyrant leeches (Lair:4)
  A tarantella (Lair:2)
  3 slime creatures (D:12)
  2 polar bears
  6 blink frogs
  9 dream sheep
  2 jumping spiders (Lair:2)
  Sigmund (D:5)
  2 shadows
  6 wyverns
  56 yaks
  2 fire elementals (Volcano)
  5 basilisks
  13 vampire mosquitoes
  2 steam dragons
  A redback (Lair:2)
  2 wargs (Orc:2)
  An acid dragon (D:14)
  A harpy simulacrum (IceCv)
  15 water moccasins
  Duvessa (D:5)
  2 swamp worms (Lair:4)
  3 hell hounds (Lair:6)
  13 orc warriors
  3 black bears
  2 ice beasts
  A sky beast (D:5)
  2 necrophages
  12 wolves (Lair:3)
  6 centaurs
  4 ogres
  A phantom (D:3)
  3 lemures (D:7)
  8 kobold brigands
  21 bullfrogs
  3 scorpions
  A gnoll sergeant (D:10)
  2 two-headed ogre simulacra (IceCv)
  A water moccasin zombie (D:6)
  Dowan (D:5)
  15 wights
  6 killer bees (D:10)
  3 howler monkeys
  8 electric eels
  8 lava snakes
  5 centaur zombies
  A bullfrog zombie (D:6)
  2 jellies
  4 quasits (D:6)
  A hound (D:6)
  2 iron imps (D:13)
  7 orc priests
  A centaur skeleton (D:7)
  16 orc wizards
  An iguana (D:6)
  11 hell rats
  2 troll simulacra (IceCv)
  A polar bear simulacrum (IceCv)
  3 spriggan simulacra (IceCv)
  A killer bee zombie (D:7)
  A hound skeleton (D:5)
  A hound zombie (D:5)
  9 gnolls
  6 adders
  3 shadow imps
  2 white imps (D:13)
  4 ufetubi
  An adder skeleton (D:4)
  2 worms (D:2)
  3 dart slugs (D:2)
  71 orcs
  5 ball pythons
  6 endoplasms
  3 giant cockroaches (D:2)
  5 hobgoblins
  4 jackals
  3 quokkas (D:2)
  3 bats
  3 frilled lizards
  5 goblins
  16 kobolds
  2 rats (D:2)
630 creatures vanquished.

Vanquished Creatures (collateral kills)
  A fire dragon (Lair:6)
  A hydra (Lair:3)
  A boulder beetle (Lair:2)
  A catoblepas (Lair:3)
  A komodo dragon (Lair:4)
  A yak (D:4)
  A water moccasin (Lair:3)
7 creatures vanquished.

Vanquished Creatures (others)
  A raiju (shapeshifter) (D:9)
  2 yaks (D:4)
  A water moccasin (Lair:1)
  An orc warrior (Orc:1)
  An electric eel (Lair:2)
  An adder (D:2)
  A bush (D:13)
  34 fungi
  106 plants
148 creatures vanquished.

Grand Total: 785 creatures vanquished

Notes
Turn   | Place    | Note
-------+----------+-------------------------------------------
     0 | D:1      | Armakuni the Human Artificer began the quest for the Orb.
     0 | D:1      | Reached XP level 1. HP: 15/15 MP: 1/1
   569 | D:1      | Reached XP level 2. HP: 22/22 MP: 2/2
  1052 | D:2      | Identified the +0 robe of Moral Flaws {Slay+3}
  1381 | D:2      | Reached XP level 3. HP: 25/28 MP: 3/3
  1750 | D:2      | Reached XP level 4. HP: 15/37 MP: 4/4
  2292 | D:3      | Found a shimmering altar of Xom.
  2293 | D:3      | Found a shimmering altar of Xom.
  2295 | D:3      | Found a shimmering altar of Xom.
  2297 | D:3      | Found a shimmering altar of Xom.
  2297 | D:3      | Found a shimmering altar of Xom.
  2297 | D:3      | Found a shimmering altar of Xom.
  2307 | D:3      | Found Zin's Purification Station.
  2318 | D:3      | Found a glowing silver altar of Zin.
  2368 | D:3      | Reached XP level 5. HP: 41/43 MP: 5/5
  2426 | D:3      | Found Caod's Assorted Antiques.
  3023 | D:3      | Found a faded altar of an unknown god.
  3204 | D:4      | Identified the +11 long sword "Ceod" {elec, Str+4}
  3246 | D:3      | Bought a scroll labelled RAENKAXTIU for 22 gold pieces
  3251 | D:3      | Bought a wooden wand for 88 gold pieces
  3268 | D:4      | Noticed a phantom
  3274 | D:3      | Killed a phantom
  3275 | D:3      | Reached skill level 1 in Long Blades
  3275 | D:3      | Reached XP level 6. HP: 28/50 MP: 6/6
  3425 | D:4      | Noticed a necrophage
  3426 | D:4      | Noticed a yak
  3431 | D:4      | Killed a necrophage
  3446 | D:3      | Killed a yak
  3447 | D:3      | Reached XP level 7. HP: 47/55 MP: 7/7
  3491 | D:4      | Noticed a yak
  3492 | D:4      | Noticed a yak
  3493 | D:4      | Noticed a yak
  3493 | D:4      | Noticed a yak
  3508 | D:3      | Killed a yak
  3509 | D:3      | Reached skill level 5 in Evocations
  3700 | D:4      | Noticed a yak
  3736 | D:4      | Killed a yak
  3737 | D:4      | Reached XP level 8. HP: 38/61 MP: 8/8
  3738 | D:4      | Killed a yak
  3739 | D:4      | Reached skill level 5 in Long Blades
  4177 | D:5      | Entered Level 5 of the Dungeon
  4220 | D:5      | Noticed Sigmund
  4240 | D:5      | Killed Sigmund
  4419 | D:5      | Found a stormy altar of Qazlal.
  4519 | D:5      | Found a staircase to the Ecumenical Temple.
  4528 | Temple   | Entered the Ecumenical Temple
  4713 | Temple   | Became a worshipper of Vehumet
  4854 | D:5      | Reached XP level 9. HP: 67/67 MP: 9/9
  5077 | D:5      | Found a hazy altar of Hepliaklqana.
  5172 | D:5      | Noticed Duvessa
  5173 | D:5      | Noticed Dowan
  5186 | D:5      | Killed Duvessa
  5189 | D:5      | Killed Dowan
  5506 | D:6      | Found a transporter.
  5506 | D:6      | Noticed p0werm0de's ghost (novice MiCK)
  5513 | D:6      | Found a transporter.
  5554 | D:6      | Killed p0werm0de's ghost
  6308 | D:7      | Reached skill level 10 in Long Blades
  6363 | D:7      | Reached XP level 10. HP: 72/73 MP: 10/10
  6367 | D:7      | Reached * piety under Vehumet
  6367 | D:7      | Offered knowledge of Magic Dart by Vehumet.
  6382 | D:7      | Noticed Pikel
  6388 | D:7      | Killed Pikel
  6847 | D:7      | Found a broken altar of Ashenzari.
  7116 | D:7      | Found a glowing golden altar of the Shining One.
  7841 | D:8      | Reached ** piety under Vehumet
  7927 | D:8      | Offered knowledge of Shock by Vehumet.
  8163 | D:8      | Noticed Erica
  8170 | D:8      | Killed Erica
  8368 | D:8      | Noticed an eight-headed hydra
  8582 | D:8      | Killed a seven-headed hydra
  8583 | D:8      | Reached XP level 11. HP: 53/78 MP: 11/11
  9330 | D:9      | Reached skill level 5 in Fighting
  9334 | D:9      | Reached skill level 1 in Shields
  9374 | D:9      | Reached skill level 2 in Shields
  9375 | D:9      | Offered knowledge of Searing Ray by Vehumet.
  9380 | D:9      | Learned a level 2 spell: Searing Ray
  9437 | D:9      | Noticed a two-headed ogre
  9444 | D:9      | Killed a two-headed ogre
  9445 | D:9      | Reached skill level 3 in Shields
  9448 | D:9      | Found a transporter.
  9469 | D:9      | Found a staircase to the Lair.
  9678 | D:9      | Found a transporter.
  9686 | D:9      | Noticed a death knight
  9729 | D:9      | Found an ornate altar of the Wu Jian Council.
  9730 | D:9      | Found a sparkling altar of Nemelex Xobeh.
  9731 | D:9      | Found an ancient bone altar of Kikubaaqudgha.
  9762 | D:9      | Noticed a manticore
  9762 | D:9      | Noticed a cyclops
  9771 | D:9      | a cyclops changed into a guardian serpent
  9773 | D:9      | Noticed a centaur warrior
  9793 | D:9      | Killed a centaur warrior
  9794 | D:9      | Reached skill level 4 in Shields
  9839 | D:9      | HP: 3/83 [vampire mosquito (8)]
  9840 | D:9      | HP: 1/83 [vampire mosquito (2)]
 10245 | D:9      | Killed a manticore
 10317 | D:9      | Reached *** piety under Vehumet
 10461 | D:9      | Noticed a four-headed hydra
 10475 | D:9      | Killed a one-headed hydra
 10476 | D:9      | Reached skill level 5 in Shields
 10598 | D:9      | Noticed a great orb of eyes
 10601 | D:9      | Paralysed by a great orb of eyes for 4 turns
 10606 | D:9      | Noticed a six-headed hydra
 10612 | D:9      | Killed a great orb of eyes
 10621 | D:9      | Killed a one-headed hydra
 10622 | D:9      | Reached XP level 12. HP: 62/92 MP: 12/12
 10926 | D:9      | Reached skill level 6 in Shields
 11234 | Lair:1   | Entered Level 1 of the Lair of Beasts
 11661 | Lair:1   | Offered knowledge of Fulminant Prism by Vehumet.
 11864 | Lair:1   | Reached skill level 7 in Shields
 12051 | Lair:1   | Noticed an eight-headed hydra
 12345 | Lair:1   | Noticed a death yak
 12345 | Lair:1   | Noticed a death yak
 12346 | Lair:1   | Noticed a death yak
 12346 | Lair:1   | Noticed a death yak
 12347 | Lair:1   | Noticed a death yak
 12347 | Lair:1   | Noticed a death yak
 12364 | Lair:1   | Killed a death yak
 12370 | Lair:1   | Killed a death yak
 12370 | Lair:1   | Killed a death yak
 12373 | Lair:1   | Killed a death yak
 12374 | Lair:1   | Reached skill level 8 in Shields
 12375 | Lair:1   | Killed a death yak
 12621 | Lair:1   | Identified the +8 battleaxe of Benweurev {vorpal, Will+}
 12661 | Lair:1   | Killed a four-headed hydra
 12662 | Lair:1   | Reached skill level 10 in Fighting
 12798 | Lair:1   | Killed a death yak
 12799 | Lair:1   | Reached skill level 9 in Shields
 12953 | Lair:1   | Reached XP level 13. HP: 95/103 MP: 13/13
 13117 | Lair:2   | Found a shadowy altar of Dithmenos.
 13327 | Lair:2   | Reached **** piety under Vehumet
 13328 | Lair:2   | Reached skill level 10 in Shields
 13538 | Lair:2   | Reached skill level 11 in Shields
 13759 | Lair:2   | Offered knowledge of Iskenderun's Mystic Blast by Vehumet.
 13765 | Lair:2   | Learned a level 4 spell: Iskenderun's Mystic Blast
 13795 | Lair:2   | Identified a scroll of acquirement
 13795 | Lair:2   | Acquired the +1 pair of boots of True Grit {Contam Will+
                  | Dex+3}
 14041 | Lair:2   | Found a hole to the Spider Nest.
 14445 | Lair:2   | Reached skill level 12 in Shields
 14664 | Lair:2   | Found a runed translucent door.
 14716 | Lair:2   | Found a runed translucent gate.
 14716 | Lair:2   | Found a runed translucent gate.
 14716 | Lair:2   | Found a runed translucent gate.
 14716 | Lair:2   | Found a runed translucent gate.
 14716 | Lair:2   | Found a runed translucent gate.
 14716 | Lair:2   | Noticed a boulder beetle
 14724 | Lair:2   | Found a runed translucent gate.
 14724 | Lair:2   | Noticed a boulder beetle
 14825 | Lair:2   | Noticed a boulder beetle
 15297 | Lair:3   | Noticed a four-headed hydra
 15309 | Lair:3   | Killed a one-headed hydra
 15390 | Lair:3   | Noticed a catoblepas
 15609 | Lair:3   | Killed a catoblepas
 15610 | Lair:3   | Reached skill level 13 in Shields
 15884 | Lair:3   | Noticed a seven-headed hydra
 15897 | Lair:3   | Killed a six-headed hydra
 16208 | Lair:3   | Noticed an eight-headed hydra
 16216 | Lair:3   | Killed a three-headed hydra
 16217 | Lair:3   | Reached skill level 14 in Shields
 16217 | Lair:3   | Reached XP level 14. HP: 80/110 MP: 14/14
 17020 | Lair:3   | Reached ***** piety under Vehumet
 17770 | Lair:4   | Found a dark tunnel.
 17782 | Lair:4   | Reached skill level 15 in Shields
 17824 | Volcano  | Entered a volcano
 17948 | Volcano  | Offered knowledge of Iron Shot by Vehumet.
 17956 | Volcano  | Learned a level 6 spell: Iron Shot
 17984 | Volcano  | Reached skill level 1 in Conjurations
 17984 | Volcano  | Reached skill level 1 in Translocations
 18022 | Volcano  | Reached skill level 1 in Spellcasting
 18710 | Lair:4   | Found a staircase to the Swamp.
 20865 | Lair:6   | Entered Level 6 of the Lair of Beasts
 20883 | Lair:6   | Found a viscous altar of Jiyva.
 20883 | Lair:6   | Found a staircase to the Slime Pits.
 20913 | Lair:6   | Reached skill level 5 in Armour
 20931 | Lair:6   | Reached skill level 5 in Conjurations
 21508 | Lair:5   | Reached XP level 15. HP: 97/115 MP: 16/16
 22087 | Lair:6   | Offered knowledge of Iskenderun's Battlesphere by Vehumet.
 23062 | Lair:6   | Found a large runed translucent door.
 23062 | Lair:6   | Found a large runed translucent door.
 24010 | D:10     | Entered Level 10 of the Dungeon
 24010 | D:10     | Noticed Joseph
 24021 | D:10     | Killed Joseph
 24118 | D:10     | Learned a level 5 spell: Iskenderun's Battlesphere
 24162 | D:10     | Found a blossoming altar of Fedhas.
 24220 | D:10     | Noticed ThereIsNoGod's ghost (journeyman GnWn)
 24255 | D:10     | Found a runed translucent door.
 24272 | D:10     | Killed ThereIsNoGod's ghost
 24414 | D:10     | Found a white marble altar of Elyvilon.
 24416 | D:10     | Noticed Nergalle
 24446 | D:10     | Killed Nergalle
 24559 | D:10     | Offered knowledge of Ozocubu's Refrigeration by Vehumet.
 24907 | D:11     | Found a frozen archway.
 24924 | IceCv    | Entered an ice cave
 25820 | D:11     | You fall into a shaft and drop 3 floors!
 25843 | D:14     | Reached skill level 5 in Spellcasting
 25843 | D:14     | Reached XP level 16. HP: 83/122 MP: 23/23
 26982 | D:12     | Identified the ring "Fisteboona" {*Slow rN+++ Str+4 Dex+2
                  | Slay+4}
 27000 | D:12     | Noticed Fannar
 27008 | D:12     | Killed Fannar
 27490 | D:12     | Found a staircase to the Orcish Mines.
 27510 | Orc:1    | Entered Level 1 of the Orcish Mines
 27722 | Orc:1    | Offered knowledge of Starburst by Vehumet.
 27723 | Orc:1    | Reached skill level 10 in Conjurations
 27741 | Orc:1    | Reached skill level 5 in Dodging
 28230 | Orc:2    | Entered Level 2 of the Orcish Mines
 28251 | Orc:2    | Paralysed by an orc sorcerer for 7 turns
 28254 | Orc:2    | HP: 2/122 [troll (7)]
 28254 | Orc:2    | Slain by a troll

Illustrated notes

Levels and vault maps discovered:
D:1:      ncdulo_lavacross, layout_loops_ring, minmay_crystal_water,
          amcnicky_mini_rare_corridor_liquid
D:2:      minmay_razor_zed, layout_loops_ring
D:3:      layout_basic, zin_purify, xom_redecorated,
          hellmonk_ecumenical_altar_defaced_shrine, serial_shops,
          nicolae_shop_statue_plus, minivault_27, kennysheep_generic_room_15
D:4:      layout_rooms, minmay_pentomino_pile
D:5:      layout_loops_cross, mainiacjoe_overflow_24_doors,
          general_overflow_altar, minmay_temple_entry_large_hall, uniq_duvessa,
          uniq_sigmund
D:6:      layout_basic, serial_corexii_hall, corexii_hall_statues_deadend,
          corexii_hall_statues_u, gammafunk_ghost_stat_death
D:7:      cheibrodos_quashed, layout_loops_corners, tso_metal_star,
          nicolae_ashenzari_skybound, nicolae_lava_and_water,
          kennysheep_small_spiral, bh_walls_and_bars, uniq_pikel
D:8:      layout_loops_ring, minmay_holes, uniq_erica
D:9:      minmay_sliced_demisemicircle, layout_basic,
          gammafunk_temple_overflow_arena, grunt_lair_entry_orc_guard_hut,
          hangedman_decor_peaks_small
D:10:     layout_irregular_city, mainiacjoe_overflow_cross_hatched,
          kennysheep_mini_moat, serial_column_ruins, column_ruins_square_small,
          column_ruins_hut, column_ruins_columns_water, column_ruins_open_tiny,
          column_ruins_grid_2, column_ruins_open_small,
          hellmonk_ghost_happy_afterlife, chequers_serial_rivers_room_b,
          minmay_misc_feat_doors, uniq_nergalle, uniq_joseph
D:11:     layout_roguey, portal_ice_cave_rime
D:12:     layout_cave_pools, hiddenorc1_lemuel, uniq_fannar
D:13:     kennysheep_kobold_grotto, layout_irregular_city, erik_vaults_1
D:14:     layout_loops_ring, drop_trap, uniq_louise
Temple:   minmay_temple_curvy_loop
Lair:1:   layout_misc_corridors, gauntlet_entry_generic, grunt_megastairs_2
Lair:2:   gammafunk_indiana_jones, layout_loops_ring,
          spider_nest_entry_funnel_web, basic_altar, disabler_island
Lair:3:   nzn_winding_woodlands_large [nzn_winding_woodlands_5x5_cross,
          nzn_winding_woodlands_5x15_sidewinder,
          nzn_winding_woodlands_5x5_checkerboard,
          nzn_winding_woodlands_center_triple_pond,
          nzn_winding_woodlands_15x15_five_gardens,
          nzn_winding_woodlands_center_lodge, nzn_winding_woodlands_5x5_default,
          nzn_winding_woodlands_5x15_default,
          nzn_winding_woodlands_5x5_perimeter], layout_cave_pods, st_stairs_6,
          minmay_lair_oklob_bushes
Lair:4:   layout_cave_pods, minmay_swamp_entry_worms,
          nicolae_volcano_entry_lava_flow
Lair:5:   layout_small_grid, serial_bayou_shore_b
Lair:6:   cheibrodos_lair_end_hotspot, layout_small_grid, slime_altar_1,
          serial_bayou_shore_a, serial_bayou_shore_b
Orc:1:    layout_caves, elves_outpost_lemuel
Orc:2:    grunt_orc_gardens, layout_caves, grunt_orc_garden, grunt_orc_garden,
          grunt_orc_garden, grunt_orc_garden, special_room

Skill      XL: |  1  2  3  4  5  6  7  8  9 10 11 12 13 14 15 16 |
---------------+-------------------------------------------------+-----
Fighting       | 2 3 4 7 10 | 10.0
Long Blades    | 1 3 4 6 10 13 14 | 14.0
Evocations     | 4 5 7 |  7.0
Shields        | 5 9 14 15 | 15.0
Conjurations   | 5 8 10 | 10.6
Translocations | 4 |  4.0
Spellcasting   | 1 5 |  5.0
Armour         | 6 9 |  9.3
Dodging        | 5 |  5.5
Stealth        | |  1.0

Action                   |  1- 3 |  4- 6 |  7- 9 | 10-12 | 13-15 | 16-18 || total
-------------------------+-------+-------+-------+-------+-------+-------++-------
Melee: Whip              |    13 |       |       |       |       |       ||    13
       Club              |     3 |       |       |       |       |       ||     3
       Dagger            |    58 |   105 |       |       |       |       ||   163
       Long sword        |       |    13 |   126 |   305 |   985 |   279 ||  1708
       Scimitar          |       |       |       |    19 |    42 |       ||    61
Throw: Dart              |       |       |       |     1 |       |       ||     1
Evoke: Piece from Xom's  |     7 |       |       |     3 |     1 |       ||    11
       Wand              |     1 |     1 |     6 |    37 |    42 |     7 ||    94
       Lightning rod     |       |       |       |     4 |    20 |     4 ||    28
       Tin of tremorston |       |       |       |     2 |     6 |     2 ||    10
       Phantom mirror    |       |       |       |     1 |     3 |       ||     4
  Use: Scroll            |     1 |     9 |     1 |    10 |    15 |       ||    36
       Potion            |       |     3 |     1 |     8 |     2 |       ||    14
 Stab: Sleeping          |     4 |       |       |     1 |       |       ||     5
       Distracted        |       |       |       |     1 |     2 |       ||     3
       Paralysed         |       |       |       |       |    11 |       ||    11
       Petrifying        |       |       |       |       |     2 |       ||     2
Armor: Leather armour    |     9 |       |       |       |       |       ||     9
       Robe              |     7 |    17 |       |       |       |       ||    24
       Ring mail         |       |     3 |    37 |   116 |    94 |       ||   250
       Skin              |       |       |    48 |       |       |       ||    48
       Fire dragon scale |       |       |       |       |   191 |    83 ||   274
       Scale mail        |       |       |       |       |     6 |       ||     6
Dodge: Dodged            |    28 |    77 |    77 |   166 |   277 |    91 ||   716
Block: Buckler           |       |       |       |    22 |    12 |       ||    34
       Kite shield       |       |       |       |       |   438 |   166 ||   604

Table legend: (Time is in decaauts)
 A = Elapsed time spent in this place.
 B = Non-inter-level travel time spent in this place.
 C = Inter-level travel time spent in this place.
 D = Time resting spent in this place.
 E = Time spent auto-exploring this place.
 F = Levels seen in this place.
 G = Mean time per level.
                   A        B        C        D        E       F      G
               +--------+--------+--------+--------+--------+-----+--------+
         Total |  27839 |  26930 |    909 |   6744 |  14789 |  25 | 1113.6 |
       Dungeon |  14000 |  13611 |    389 |   3062 |   7959 |  14 | 1000.0 |
        Temple |    226 |    186 |     40 |      0 |    151 |   1 |  226.0 |
          Lair |  11881 |  11411 |    470 |   2992 |   6161 |   6 | 1980.2 |
  Orcish Mines |    719 |    709 |     10 |     38 |    501 |   2 |  359.5 |
      Ice Cave |    764 |    764 |      0 |    616 |     16 |   1 |  764.0 |
       Volcano |    247 |    247 |      0 |     35 |      0 |   1 |  247.0 |
               +--------+--------+--------+--------+--------+-----+--------+

Top non-repeatable levels by time:
     D:9: 2530 daAuts
  Lair:2: 2436 daAuts
  Lair:3: 2389 daAuts
  Lair:5: 2108 daAuts
  Lair:6: 2048 daAuts
  Lair:1: 1580 daAuts
     D:7: 1471 daAuts
     D:8: 1408 daAuts
     D:3: 1376 daAuts
  Lair:4: 1317 daAuts
     D:2: 1302 daAuts
     D:6: 971 daAuts
     D:1: 918 daAuts
    D:10: 861 daAuts
   IceCv: 764 daAuts
